 Dungeon Crawl Stone Soup version 0.29-a0-541-gaf1fc19f1b (webtiles) character file.

Game seed: 5021224580435039379

2331 Hubjo the Changer (level 9, -4/67 (69) HPs)
             Began as a Demonspawn Wanderer on June 2, 2022.
             Was a Follower of Dithmenos.
             Slain by a dire elephant zombie (11 damage)
             ... on level 2 of the Abyss.
             The game lasted 00:15:22 (9036 turns).

Hubjo the Changer (Demonspawn Wanderer)             Turns: 9036, Time: 00:15:23

HP:   -4/67 (69)    AC:  6    Str: 11    XL:     9   Next: 19%
MP:   15/16         EV: 15    Int: 19    God:    Dithmenos [*.....]
Gold: 213           SH:  0    Dex: 13    Spells: 12/17 levels left

rFire   . . .      SeeInvis .   u - +5 quarterstaff (chaos)
rCold   . . .      Faith    .   (shield currently unavailable)
rNeg    . . .      Spirit   .   c - +0 robe
rPois   .          Reflect  .   (no helmet)
rElec   .          Harm     .   v - +1 cloak
rCorr   .          Rampage  .   (no gloves)
Will    .....                   (no boots)
Stlth   +++.......              (no amulet)
HPRegen 0.21/turn               q - +4 ring of evasion
MPRegen 0.15/turn               (no ring)

@: mighty, wreathed by umbra, lightly drained
A: yellow scales 1, powered by pain 2, demonic magic 1, demonic touch 1
a: Renounce Religion


You were on level 2 of the Abyss.
You worshipped Dithmenos.
Dithmenos was aware of your devotion.
You visited 2 branches of the dungeon, and saw 7 of its levels.
You visited the Abyss 1 time.

You collected 251 gold pieces.
You spent 38 gold pieces at shops.

Inventory:

Hand Weapons
 a - a +1 quarterstaff
 u - a +5 quarterstaff of chaos (weapon)
 w - a +2 trident of venom
Missiles
 h - a throwing net
 o - 3 atropa-tipped darts
Armour
 c - a +0 robe (worn)
 v - a +1 cloak (worn)
Jewellery
 e - a ring of fire
 q - a +4 ring of evasion (left hand)
Wands
 b - a wand of flame (2)
 y - a wand of digging (7)
 z - a wand of iceblast (18)
Scrolls
 f - 2 scrolls of teleportation
 j - 2 scrolls of amnesia
 k - a scroll of poison
 p - a scroll of immolation
 r - 2 scrolls of noise
 s - a scroll of blinking
 x - 2 scrolls of fog
 B - 2 scrolls of fear
Potions
 d - 3 potions of curing
 g - a potion of haste {unknown}
 i - a potion of mutation {unknown}
 l - a potion of might {unknown}
 m - a potion of magic {unknown}
 n - 2 potions of degeneration {unknown}
 A - a potion of ambrosia {unknown}
 C - a potion of resistance {unknown}
 D - a potion of attraction {unknown}
 F - a potion of flight {unknown}


   Skills:
 + Level 6.0 Fighting
 - Level 1.0 Staves
 - Level 1.0 Dodging
 + Level 5.2 Stealth
 + Level 4.8 Spellcasting
 * Level 7.4 Transmutations
 + Level 4.3 Invocations


You had 12 spell levels left.
You knew the following spells:

 Your Spells              Type           Power      Damage    Failure   Level
a - Sting                 Tmut/Pois      72%        1d6       2%          1
b - Ice Form              Ice/Tmut       18%        N/A       28%         4

Your spell library contained the following spells:

 Spells                   Type           Power      Damage    Failure   Level
 Beastly Appendage        Tmut           64%        N/A       1%          1
 Wereblood                Tmut           32%        N/A       1%          2
 Passwall                 Tmut/Erth      15%        N/A       4%          2
 Spider Form              Tmut/Pois      18%        N/A       9%          3
 Shock                    Conj/Air       16%        1d4       13%         1
 Dazzling Flash           Conj/Hex       8%         N/A       36%         3
 Swiftness                Air            4%         N/A       36%         3
 Airstrike                Air            2%         N/A       77%         4
 Agony                    Necr           4%         N/A       98%         5
 Silence                  Hex/Air        2%         N/A       98%         5


Dungeon Overview and Level Annotations

Branches:
Dungeon (6/15)             Temple (1/1) D:6

Altars:
Ashenzari
Cheibriados
Dithmenos
Elyvilon
Fedhas
Gozag
Hepliaklqana
Kikubaaqudgha
Makhleb
Nemelex Xobeh
Okawaru
Qazlal
Ru
Sif Muna
Trog
Uskayaw
Vehumet
Wu Jian
Xom
Yredelemnul
Zin
The Shining One

Shops:
D:3 ?

Annotations:
D:2 Natasha


Innate Abilities, Weirdness & Mutations

You are partially covered in yellow scales. (AC +2)
You sometimes gain power by taking damage.
Spells you cast may paralyse adjacent enemies.
Your touch may inflict minor irresistible damage on your foes.


Message History

There is an open translucent door here.
You are too injured to fight recklessly!
Casting: Sting (safe; 2% risk of failure)
Confirm with . or Enter, or press ? or * to list all spells.
Aiming: Sting (safe; 2% risk of failure)
Press: ? - help, Shift-Dir - straight line, f - dire elephant zombie
Aim: a dire elephant zombie (100% to hit)
The sting hits the dire elephant zombie but does no damage.
Malevolent energies surge around you.
Casting: Sting (safe; 2% risk of failure)
Confirm with . or Enter, or press ? or * to list all spells.
Aiming: Sting (safe; 2% risk of failure)
Press: ? - help, Shift-Dir - straight line, f/p - dire elephant zombie
Aim: a dire elephant zombie (umbra, 100% to hit)
The sting hits the dire elephant zombie.
The dire elephant zombie partially resists.
The dire elephant zombie is lightly damaged.
Malevolent energies surge around you.
The dire elephant zombie suddenly stops moving!
The helpless dire elephant zombie fails to defend itself.
You hit the dire elephant zombie but do no damage.
The dire elephant zombie is lightly damaged.
The helpless dire elephant zombie fails to defend itself.
You sock the dire elephant zombie! You burn the dire elephant zombie.
The dire elephant zombie is lightly damaged.
The dire elephant zombie is no longer paralysed.
The dire elephant zombie tramples you!!
* * * LOW HITPOINT WARNING * * *
You focus on the pain.
You feel very mighty all of a sudden.
You stumble backwards!
You hit the dire elephant zombie.
The dire elephant zombie easily resists.
The dire elephant zombie is lightly damaged.
The dire elephant zombie barely misses you.
The dire elephant zombie trunk-slaps you but does no damage.
You sock the dire elephant zombie!
The dire elephant zombie is moderately damaged.
The dire elephant zombie tramples you!
You die...

.# . ##.
.#.#.#...##.##
#...#.#....#...#
#.#...#.#_.....
#....≈..... #
#......#... #...#.#.#
#.####@......#
#.....Z....#.## . #
...#.#......... ###
..
#.#.#...#.#.##......#
.. ###.#.#...... ....
## ........ ..#.... .
..##..#.⌠...####... .
#........# . .
#.#.#⌠.⌠#.. #


You could see a dire elephant zombie.

Vanquished Creatures
  A kobold demonologist (D:6)
  Grinder (D:4)
  Sigmund (D:6)
  A steam dragon (D:6)
  Menkaure (D:4)
  A water moccasin (D:6)
  3 ogres
  A black bear (D:6)
  6 kobold brigands (D:6)
  A necrophage (D:4)
  2 scorpions
  2 hounds
  An orc priest (D:5)
  Crazy Yiuf (D:3)
  A jelly (D:5)
  Jessica (D:3)
  An orc wizard (D:4)
  Natasha (D:2)
  4 gnolls
  10 adders
  A shadow imp (D:5)
  3 worms
  The ghost of thriggle the Sneak, a weakling BaDe (D:6)
  2 dart slugs
  14 orcs
  5 endoplasms
  A giant cockroach (D:1)
  7 goblins
  10 hobgoblins
  2 jackals (D:3)
  6 quokkas
  10 ball pythons
  2 bats
  4 frilled lizards
  6 kobolds
  4 rats (D:1)
119 creatures vanquished.

Vanquished Creatures (others)
  An adder (D:6)
  4 plants (D:6)
5 creatures vanquished.

Grand Total: 124 creatures vanquished

Notes
Turn   | Place    | Note
-------+----------+-------------------------------------------
     0 | D:1      | Hubjo the Demonspawn Wanderer began the quest for the Orb.
     0 | D:1      | Hubjo set off with the following items: a +1 quarterstaff,
                  | a scroll of fear, a +0 robe; and the following spell
                  | memorised: Sting; and the following spells available to
                  | memorise: Passwall, Ice Form
     0 | D:1      | Reached XP level 1. HP: 18/18 MP: 2/2
   411 | D:1      | Gained mutation: You sometimes gain a little power by
                  | taking damage. [demonic ancestry]
   411 | D:1      | Reached XP level 2. HP: 24/24 MP: 1/3
   611 | D:1      | Reached skill level 3 in Transmutations
  1077 | D:1      | Found a faded altar of an unknown god.
  1624 | D:1      | Reached XP level 3. HP: 29/29 MP: 5/5
  1793 | D:2      | Noticed Natasha
  1799 | D:2      | Killed Natasha
  2001 | D:2      | Gained mutation: Your touch may inflict minor irresistible
                  | damage on your foes. [demonic ancestry]
  2001 | D:2      | Reached XP level 4. HP: 18/35 MP: 2/6
  2278 | D:2      | Found an ornate altar of the Wu Jian Council.
  2629 | D:2      | Noticed Natasha
  3263 | D:3      | Noticed Jessica
  3266 | D:3      | Killed Jessica
  3267 | D:3      | Gained mutation: You are partially covered in yellow
                  | scales. (AC +2) [demonic ancestry]
  3267 | D:3      | Reached XP level 5. HP: 42/42 MP: 6/8
  3268 | D:3      | Found Dotanky's Magic Scroll Shoppe.
  3277 | D:3      | Reached skill level 4 in Transmutations
  3296 | D:3      | Bought a scroll of magic mapping for 38 gold pieces
  3698 | D:3      | Found a runed translucent door.
  3699 | D:3      | Noticed Crazy Yiuf
  3909 | D:3      | Killed Crazy Yiuf
  4355 | D:4      | Noticed Grinder
  4358 | D:4      | Noticed an ogre
  4436 | D:4      | Killed an ogre
  4437 | D:4      | Gained mutation: Spells you cast may paralyse adjacent
                  | enemies. [demonic ancestry]
  4437 | D:4      | Reached XP level 6. HP: 12/48 MP: 9/9
  4442 | D:4      | Learned a level 4 spell: Ice Form
  4512 | D:4      | Paralysed by Grinder for 4 turns
  4520 | D:4      | Killed Grinder
  4521 | D:4      | Reached skill level 5 in Transmutations
  4785 | D:4      | Gained mutation: You sometimes gain power by taking damage.
                  | [demonic ancestry]
  4785 | D:4      | Reached XP level 7. HP: 45/55 MP: 11/11
  5678 | D:4      | Noticed Menkaure
  5684 | D:4      | Killed Menkaure
  5784 | D:5      | Entered Level 5 of the Dungeon
  5811 | D:6      | Found a staircase to the Ecumenical Temple.
  5820 | Temple   | Entered the Ecumenical Temple
  6001 | Temple   | Became a worshipper of Dithmenos the Shadowed
  6476 | D:5      | Reached skill level 5 in Fighting
  6560 | D:5      | Reached skill level 1 in Invocations
  6674 | D:5      | Reached skill level 6 in Transmutations
  6674 | D:5      | Reached XP level 8. HP: 58/62 MP: 8/13
  7386 | D:6      | Noticed Sigmund
  7395 | D:6      | Killed Sigmund
  8204 | D:6      | Found a sparkling altar of Nemelex Xobeh.
  8204 | D:6      | Found a runed translucent gate.
  8204 | D:6      | Found a runed translucent gate.
  8205 | D:6      | Noticed a kobold demonologist
  8206 | D:6      | Found a runed translucent gate.
  8206 | D:6      | Noticed thriggle's ghost (weakling BaDe)
  8426 | D:6      | Killed thriggle's ghost
  8430 | D:6      | Noticed a hellwing
  8848 | D:6      | Killed a kobold demonologist
  8849 | D:6      | Reached skill level 5 in Stealth
  8849 | D:6      | Reached skill level 7 in Transmutations
  8849 | D:6      | Reached XP level 9. HP: 56/69 MP: 9/15
  8922 | D:6      | Reached * piety under Dithmenos
  9020 | D:6      | Cast into level 2 of the Abyss (kobold brigand)
  9026 | Abyss:2  | Found an ornate altar of the Wu Jian Council.
  9036 | Abyss:2  | Slain by a dire elephant zombie

Illustrated notes

Levels and vault maps discovered:
D:1:      co_arrival_square_in_a_square_in_a_square, layout_loops_corners,
          hellmonk_ecumenical_altar_zigzags, minmay_pentomino_v2
D:2:      layout_loops_ring, basic_altar, eino_tiny_chamber, uniq_natasha
D:3:      layout_loops_ring, serial_shops, shop, uniq_crazy_yiuf_cottage,
          uniq_jessica
D:4:      layout_loops_ring, uniq_grinder, uniq_menkaure
D:5:      layout_loops_cross, minmay_pentangle
D:6:      layout_loops_corners, nemelex_xobeh_ov_fountains_minmay,
          minmay_temple_entry_slanted, gammafunk_ghost_nasty_kobolds,
          minmay_holes, chequers_serial_rivers_room_b, st_stairs_7, uniq_sigmund
Temple:   mainiacjoe_temple_hex_bubbles
Abyss:2:  base:
D:6

Skill      XL: |  1  2  3  4  5  6  7  8  9 |
---------------+----------------------------+-----
Transmutations | 3 4 5 6 7 |  7.4
Stealth        | 2 3 4 5 |  5.2
Spellcasting   | 2 3 4 |  4.8
Fighting       | 4 5 6 |  6.0
Invocations    | 1 4 |  4.3
Staves         | |  1.0
Dodging        | |  1.0

Action                   |  1- 3 |  4- 6 |  7- 9 || total
-------------------------+-------+-------+-------++-------
Melee: Quarterstaff      |    55 |    99 |    91 ||   245
 Cast: Sting             |    32 |    28 |   126 ||   186
  Use: Scroll            |       |     1 |    14 ||    15
       Potion            |       |       |     1 ||     1
 Stab: Sleeping          |       |     5 |     1 ||     6
       Paralysed         |       |       |    15 ||    15
Armor: Robe              |    11 |    22 |    30 ||    63
Dodge: Dodged            |    48 |    88 |   126 ||   262

Table legend: (Time is in decaauts)
 A = Elapsed time spent in this place.
 B = Non-inter-level travel time spent in this place.
 C = Inter-level travel time spent in this place.
 D = Time resting spent in this place.
 E = Time spent auto-exploring this place.
 F = Levels seen in this place.
 G = Mean time per level.
                   A        B        C        D        E       F      G
               +--------+--------+--------+--------+--------+-----+--------+
         Total |   9104 |   8892 |    212 |     58 |   7760 |   8 | 1138.0 |
       Dungeon |   8817 |   8653 |    164 |     58 |   7543 |   6 | 1469.5 |
        Temple |    269 |    221 |     48 |      0 |    217 |   1 |  269.0 |
         Abyss |     16 |     16 |      0 |      0 |      0 |   1 |   16.0 |
               +--------+--------+--------+--------+--------+-----+--------+

Top non-repeatable levels by time:
     D:4: 1831 daAuts
     D:6: 1755 daAuts
     D:1: 1687 daAuts
     D:2: 1437 daAuts
     D:5: 1235 daAuts
     D:3: 870 daAuts
  Temple: 269 daAuts
 Abyss:2: 16 daAuts
